 Dungeon Crawl Stone Soup version 0.14-a0-1761-gdbd231b (webtiles) character file.

4075 Econoterrorist the Cleaver (level 10, 0/68 HPs)
             Began as a Formicid Fighter on Jan 5, 2014.
             Was a Follower of Okawaru.
             Succumbed to an orc wizard's poison
             ... on Level 7 of the Dungeon.
             The game lasted 00:41:13 (8345 turns).

Econoterrorist the Cleaver (Formicid Fighter)       Turns: 8345, Time: 00:41:13

HP   0/68        AC 18     Str 22      XL: 10   Next: 64%
MP  10/10        EV  6     Int 11 (12) God: Okawaru [*.....]
Gold 309         SH 22     Dex 13      Spells:  0 memorised,  9 levels left

rFire  . . .     SeeInvis +     J - +0,+1 dwarf war axe
rCold  . . .     Clarity  +     n - +0 chain mail {rPois}
rNeg   + . .     Conserve .     c - +0 shield
rPois  .         rCorr    .     (helmet unavailable)
rElec  .         rRot     .     e - +1 dwarf cloak
SustAb . .       Spirit   .     s - +2 pair of gloves
rMut   .         Warding  .     (no boots)
Saprov . . .     Stasis   +     E - amulet of clarity
                                A - ring of sustenance
                                h - ring of positive energy

@: invisible, brilliant, very poisoned, very slightly contaminated, somewhat
resistant to hostile enchantments, extremely unstealthy
A: permanent stasis, dig shafts and tunnels, four strong arms, poison weakness,
antennae 3, exoskeleton 1
a: Dig, Shaft Self, Heroism, Renounce Religion


You were on level 7 of the Dungeon.
You worshipped Okawaru.
Okawaru was aware of your devotion.
You were hungry.

You visited 2 branches of the dungeon, and saw 9 of its levels.

You collected 309 gold pieces.

Inventory:

Hand weapons
 J - a +0,+1 dwarven war axe (weapon)
Missiles
 w - 5 tomahawks of returning (quivered)
Armour
 c - a +0 shield (worn)
 e - a +1 dwarven cloak (worn)
 n - a +0 chain mail of poison resistance (worn)
 s - a +2 pair of gloves (worn)
Magical devices
 o - a wand of fire (6) {unknown}
 v - a wand of cold (4)
 F - a wand of slowing (12)
 G - a wand of disintegration (6)
Comestibles
 d - 12 bread rations
 f - a meat ration
 H - 2 rotting chunks of hobgoblin flesh
Scrolls
 g - 3 scrolls of identify
 j - 5 scrolls of remove curse
 k - a scroll of magic mapping {unknown}
 l - 3 scrolls of recharging {unknown}
 p - 3 scrolls of curse armour {unknown}
 r - a scroll of noise {unknown}
 t - a scroll of immolation {unknown}
 u - a scroll of curse jewellery {unknown}
 y - a scroll of random uselessness {unknown}
 B - a scroll of fog {unknown}
Jewellery
 h - a ring of positive energy (left hand)
 i - an uncursed ring of flight
 x - an uncursed ring of magical power
 A - a ring of sustenance (right hand)
 D - an uncursed ring of fire
 E - an amulet of clarity (around neck)
Potions
 b - a potion of degeneration
 q - a potion of brilliance
Books
 m - a book of Party Tricks

   Spells                             Type                      Level
   Summon Butterflies                 Summoning                    1
   Apportation                        Translocation                1
   Blink                              Translocation                2
   Alistair's Intoxication            Transmutation/Poison         4
   Tukima's Dance                     Hexes                        5


   Skills:
 + Level 7.1 Fighting
 + Level 8.9 Axes
 + Level 8.8 Armour
 + Level 7.3 Shields


You had 9 spell levels left.
You didn't know any spells.

Dungeon Overview and Level Annotations

Branches:
Dungeon (8/16)             Temple (1/1) D:6
   Lair: D:8-11

Altars:
Ashenzari
Cheibriados
Elyvilon
Fedhas
Kikubaaqudgha
Makhleb
Nemelex Xobeh
Okawaru
Sif Muna
Trog
Vehumet
Xom
Yredelemnul
Zin
the Shining One


Innate Abilities, Weirdness & Mutations

Your are under a permanent stasis effect.
You can dig through walls and to a lower floor.
Your four strong arms can wield any weapon, most with a shield.
You are susceptible to poison.
You have a pair of large antennae on your head (SInv).
Your body is surrounded by an exoskeleton. (HP +5, AC +1)


Message History

You block the orc wizard's attack. The orc wizard barely misses you.
You catch the helpless orc wizard completely off-guard!
You slash the orc wizard!
The orc wizard is severely wounded.
* * * LOW HITPOINT WARNING * * *
You feel very sick.
The orc wizard hits you but does no damage.
You are more poisoned.
You block the orc wizard's attack.
Drink which item? (? for menu, Esc to quit)
There was something very wrong with that liquid!
You feel dopey.
It was a potion of degeneration.
* * * LOW HITPOINT WARNING * * *
You feel very sick.
The orc wizard hits you with an orcish dagger of venom.
* * * LOW HITPOINT WARNING * * *
Drink which item? (? for menu, Esc to quit)
Your stasis keeps you stable.
It was a potion of paralysis.
You die...

.................................
.................................
##########.............[.........
##########..###########..########
.........................########
.................................
###...##################...######
###...## ###############...######
.......###.....o@................
.......#_#.......................
#####.##.################........
#.#...# #.####### #######...##
#.####### .....#.....#
############........
...###.....###...................
####....8....###.................
##......#......###...............


You could see an orc wizard.

Vanquished Creatures
  Pikel (D:4)
  A spriggan (D:7)
  A hippogriff (D:7)
  Eustachio (D:7)
  A hungry ghost (D:7)
  Edmund (D:5)
  A necrophage (D:7)
  A sky beast (D:5)
  3 centaurs
  An ice beast (D:5)
  4 ogres
  Sigmund (D:2)
  A giant frog (D:4)
  3 wights
  A goliath beetle (D:7)
  6 crimson imps
  A jelly (D:5)
  A gnoll shaman (D:6)
  2 hounds
  4 orc priests
  4 scorpions
  4 worker ants
  8 orc wizards
  An iguana (D:4)
  An ogre zombie (D:5)
  An ogre skeleton (D:7)
  Terence (D:2)
  A hound skeleton (D:5)
  A worker ant zombie (D:5)
  11 gnolls
  4 adders
  A giant mite (D:2)
  2 inept feature mimics
  A white imp (D:7)
  3 worms
  6 giant geckos
  24 orcs
  A ball python (D:2)
  4 giant cockroaches
  14 hobgoblins
  4 jackals
  A quokka (D:3)
  8 bats
  A giant gecko skeleton (D:5)
  3 giant newts
  A giant spore (D:5)
  10 goblins
  14 kobolds
  A kobold skeleton (D:6)
  A quokka skeleton (D:5)
  10 rats
  4 ballistomycetes (D:5)
187 creatures vanquished.

Vanquished Creatures (others)
  A sky beast (D:6)
  A giant eyeball (D:4)
  A kobold (D:4)
3 creatures vanquished.

Grand Total: 190 creatures vanquished

Notes
Turn   | Place    | Note
--------------------------------------------------------------
     0 | D:1      | Econoterrorist, the Formicid Fighter, began the quest for the Orb.
     0 | D:1      | Reached XP level 1. HP: 19/19 MP: 1/1
   109 | D:1      | Reached XP level 2. HP: 20/24 MP: 2/2
   625 | D:2      | Reached XP level 3. HP: 25/28 MP: 3/3
   676 | D:2      | Noticed Terence
   696 | D:2      | Killed Terence
   901 | D:2      | Reached XP level 4. HP: 31/33 MP: 4/4
  1081 | D:2      | Noticed Sigmund
  1108 | D:2      | Killed Sigmund
  1108 | D:2      | Reached skill level 5 in Axes
  1108 | D:2      | Reached XP level 5. HP: 3/37 MP: 5/5
  2042 | D:3      | Reached XP level 6. HP: 42/42 MP: 6/6
  2612 | D:4      | Noticed a slave
  2615 | D:4      | Noticed Pikel
  2616 | D:4      | Noticed a slave
  2621 | D:4      | Noticed a slave
  2652 | D:4      | Killed Pikel
  2652 | D:4      | Reached skill level 8 in Axes
  2652 | D:4      | Reached XP level 7. HP: 19/46 MP: 7/7
  2652 | D:4      | Reached XP level 8. HP: 21/51 MP: 8/8
  2657 | D:4      | Noticed a freed slave
  3771 | D:5      | Entered Level 5 of the Dungeon
  3823 | D:5      | Reached skill level 5 in Armour
  3955 | D:5      | Reached XP level 9. HP: 24/57 MP: 9/9
  3996 | D:5      | Reached skill level 5 in Shields
  4304 | D:5      | Reached skill level 5 in Fighting
  4456 | D:5      | Noticed Edmund
  4490 | D:5      | Killed Edmund
  4880 | D:5      | Found a sparkling altar of Nemelex Xobeh.
  6058 | D:6      | Got a crude ring mail
  6074 | D:6      | Identified the +1 ring mail of Fortification {rElec Acc+4} (You found it on level 6 of the Dungeon)
  6637 | D:6      | Reached XP level 10. HP: 15/65 MP: 10/10
  7013 | D:6      | Found a staircase to the Ecumenical Temple.
  7022 | Temple   | Entered the Ecumenical Temple
  7045 | Temple   | Became a worshipper of Warmaster Okawaru
  7616 | D:7      | Found a blossoming altar of Fedhas.
  7637 | D:7      | Found a bloodstained altar of Trog.
  7641 | D:7      | Found a snail-covered altar of Cheibriados.
  7868 | D:7      | Acquired Okawaru's first power
  7891 | D:7      | Noticed Eustachio
  7902 | D:7      | Killed Eustachio
  8344 | D:7      | HP: 3/68 [orc wizard/orcish dagger of venom (2)]
  8345 | D:7      | Succumbed to an orc wizard's poison

Action                   |  1- 3 |  4- 6 |  7- 9 | 10-12 || total
-------------------------+-------+-------+-------+-------++-------
Melee: Hand axe          |   102 |   164 |   494 |       ||   760
       War axe           |       |       |    42 |   173 ||   215
Evoke: Wand              |       |       |     9 |       ||     9
  Use: Scroll            |     1 |     1 |     5 |     1 ||     8
       Potion            |       |     2 |       |     4 ||     6
 Stab: Invisible         |       |       |       |     2 ||     2
